 Dungeon Crawl Stone Soup version 0.26.0-16-gc1dbca0489 (webtiles) character file.

Game seed: 10906219134217076011

207794 EnegeticOcto the Dancer (level 18, -1/100 HPs)
             Began as a Vine Stalker Arcane Marksman on Jan 19, 2021.
             Was the Champion of Uskayaw.
             Slain by a ghost moth (7 damage)
             ... on level 4 of the Spider Nest.
             The game lasted 00:36:33 (29660 turns).

EnegeticOcto the Dancer (VSAM)                     Turns: 29660, Time: 00:36:34

Health: -1/100     AC: 42    Str: 20      XL:     18   Next: 76%
Magic:  0/39       EV:  6    Int: 19 (21) God:    Uskayaw [******]
Gold:   2840       SH: 25    Dex: 16      Spells: 19/19 levels left

rFire    + . .     SeeInvis .   K - +9 quick blade (freeze)
rCold    + . .     Faith    +   Z - +7 tower shield
rNeg     + + .     Spirit   +   W - +8 orange crystal plate armour {Archmagi, Int+3 Clar}
rPois    +         Reflect  .   F - +2 helmet
rElec    +         Harm     .   M - +0 cloak of the Black Moon {*Drain rElec rPois Will++}
rCorr    .         Rampage  .   k - +2 pair of gloves
Will     ++++.     Clarity  +   y - +2 pair of boots
Stlth    ..........             R - amulet "Zeupn" {Faith +Blink rPois rN+}
HPRegen  1.06/turn              N - ring of the Ageing Hero {rPois rC+ Int+5}
MPRegen  0.26/turn              q - ring "Okuifaed" {rF+ rN+ MP+9 Stlth-}

@: lethally poisoned (-1 -> -38)
A: fangs 3, regeneration 2, magic shield, antimagic bite, no potion heal 3
}: 1/15 runes: decaying
a: Renounce Religion, Evoke Blink, Stomp, Line Pass, Grand Finale


You were on level 4 of the Spider Nest.
You worshipped Uskayaw.
Uskayaw was pleased with you.
You visited 6 branches of the dungeon, and saw 32 of its levels.
You visited 1 bazaar.
You also visited: Gauntlet and Ice Cave.

You collected 3104 gold pieces.
You spent 264 gold pieces at shops.

Inventory:

Hand Weapons
 K - a +9 quick blade of freezing (weapon)
   (You acquired it on level 2 of the Lair of Beasts)
 T - the +6 rapier "Buhopses" {flame, +Fly rElec rPois Str-2}
   (You found it in an ice cave)

   It has been specially enchanted to burn those struck by it, causing extra
   injury to most foes and up to half again as much damage against particularly
   susceptible opponents.
   It affects your strength (-2).
   It insulates you from electricity.
   It protects you from poison.
   It lets you fly.
Missiles
 a - 18 silver javelins
 i - 30 javelins
 l - 111 poisoned darts (quivered)
 o - 2 throwing nets {!f}
 B - 2 curare-tipped darts
Armour
 k - a +2 pair of gloves (worn)
   (You found it on level 7 of the Dungeon)
 y - a +2 pair of boots (worn)
   (You found it on level 3 of the Dungeon)
 F - a +2 helmet (worn)
   (You found it on level 11 of the Dungeon)
 M - the +0 cloak of the Black Moon (worn) {*Drain rElec rPois Will++}
   (You found it on level 2 of the Orcish Mines)

   It insulates you from electricity.
   It protects you from poison.
   It affects your willpower, your defense against some magical effects.
   It causes draining when unequipped.
 W - the +8 orange crystal plate armour (worn) {Archmagi, Int+3 Clar}
   (You found it on level 6 of the Lair of Beasts)

   It affects your intelligence (+3).
   It protects you against confusion.
 Z - a +7 tower shield (worn)
   (You found it on level 2 of the Swamp)
Jewellery
 q - the ring "Okuifaed" (right hand) {rF+ rN+ MP+9 Stlth-}
   (You acquired it on level 1 of the Spider Nest)

   [ring of positive energy]

   It protects you from fire.
   It protects you from negative energy.
   It affects your magic capacity (+9).
   It makes you less stealthy.
 N - the ring of the Ageing Hero (left hand) {rPois rC+ Int+5}
   (You found it on level 4 of the Swamp)

   [ring of poison resistance]

   It affects your intelligence (+5).
   It protects you from cold.
   It protects you from poison.
 O - an uncursed ring of see invisible
   (You found it on level 10 of the Dungeon)
 R - the amulet "Zeupn" (around neck) {Faith +Blink rPois rN+}
   (You found it in a Gauntlet)

   [amulet of faith]

   It allows you to gain divine favour quickly.
   It protects you from poison.
   It protects you from negative energy.
   It lets you blink.
Wands
 g - a wand of iceblast (19) {@v2}
   (You found it on level 11 of the Dungeon)
 r - a wand of digging (22) {@v3}
   (You took it off Crazy Yiuf on level 2 of the Dungeon)
 t - a wand of disintegration (17)
   (You found it on level 8 of the Dungeon)
 v - a wand of polymorph (23)
   (You took it off Ijyb on level 3 of the Dungeon)
 z - a wand of acid (28) {@v1}
   (You found it in an ice cave)
 A - a wand of paralysis (26)
   (You found it on level 6 of the Dungeon)
 H - a wand of flame (57) {@v4}
   (You found it on level 8 of the Dungeon)
 V - a wand of enslavement (10)
   (You found it on level 13 of the Dungeon)
Scrolls
 b - 3 scrolls of blinking {@r4}
 c - 2 scrolls of vulnerability
 d - 7 scrolls of magic mapping {@r5 !r}
 m - 2 scrolls of identify {@r1}
 n - a scroll of holy word
 u - 16 scrolls of teleportation {@r3 !r}
 C - a scroll of fog {!r}
 D - a scroll of immolation
 I - 13 scrolls of remove curse {@r2}
 P - 3 scrolls of enchant weapon
 X - a scroll of silence
 Y - a scroll of torment
Potions
 e - 2 potions of invisibility
 f - 8 potions of haste {@q4 !q}
 h - 9 potions of curing {@q1 !q}
 j - 3 potions of mutation
 p - 8 potions of attraction
 s - 9 potions of lignification {@q6}
 w - 3 potions of might {@q3 !q}
 x - 6 potions of flight
 E - 3 potions of resistance
 G - 3 potions of magic
 J - 2 potions of cancellation
 S - 3 potions of berserk rage
Miscellaneous
 L - a phial of floods
   (You found it on level 1 of the Lair of Beasts)
 Q - a tin of tremorstones (inert)
   (You found it in a Gauntlet)


   Skills:
 - Level 13.0 Fighting
 - Level 10.0 Short Blades
 - Level 1.7 Crossbows
 + Level 12.8 Armour
 - Level 10.0 Dodging
 - Level 10.0 Stealth
 * Level 11.2 Shields
 - Level 1.1 Spellcasting
 - Level 3.0 Hexes
 - Level 15.0 Invocations
 - Level 5.0 Evocations


You had 19 spell levels left.
You didn't know any spells.
Your spell library contained the following spells:

 Spells                   Type           Power        Failure   Level
 Animate Skeleton         Necr           2%           100%        1
 Apportation              Tloc           2%           100%        1
 Beastly Appendage        Tmut           2%           100%        1
 Corona                   Hex            20%          100%        1
 Foxfire                  Conj/Fire      4%           100%        1
 Magic Dart               Conj           4%           100%        1
 Pain                     Necr           4%           100%        1
 Sandblast                Erth           2%           100%        1
 Summon Small Mammal      Summ           4%           100%        1
 Blink                    Tloc           N/A          100%        2
 Call Imp                 Summ           1%           100%        2
 Corpse Rot               Necr/Air       N/A          100%        2
 Passwall                 Tmut/Erth      0%           100%        2
 Poisonous Vapours        Pois/Air       2%           100%        2
 Searing Ray              Conj           2%           100%        2
 Slow                     Hex            18%          100%        2
 Wereblood                Tmut           1%           100%        2
 Call Canine Familiar     Summ           1%           100%        3
 Conjure Flame            Conj/Fire      1%           100%        3
 Dazzling Flash           Conj/Hex       20%          100%        3
 Gell's Gravitas          Tloc           0%           100%        3
 Ignite Poison            Fire/Tmut/Pois 1%           100%        3
 Inner Flame              Hex/Fire       10%          100%        3
 Lesser Beckoning         Tloc           0%           100%        3
 Mephitic Cloud           Conj/Pois/Air  1%           100%        3
 Portal Projectile        Hex/Tloc       20%          100%        3
 Spider Form              Tmut/Pois      0%           100%        3
 Stone Arrow              Conj/Erth      2%           100%        3
 Summon Guardian Golem    Hex/Summ       10%          100%        3
 Teleport Other           Tloc           1%           100%        3
 Tukima's Dance           Hex            18%          100%        3
 Vampiric Draining        Necr           0%           100%        3
 Animate Dead             Necr           0%           100%        4
 Cause Fear               Hex            9%           100%        4
 Fulminant Prism          Conj/Hex       5%           100%        4
 Ice Form                 Ice/Tmut       1%           100%        4
 Iskenderun's Mystic Bla  Conj/Tloc      1%           100%        4
 Leda's Liquefaction      Hex/Erth       5%           100%        4
 Olgreb's Toxic Radiance  Pois           1%           100%        4
 Passage of Golubria      Tloc           N/A          100%        4
 Petrify                  Tmut/Erth      1%           100%        4
 Sticky Flame             Conj/Fire      1%           100%        4
 Summon Ice Beast         Ice/Summ       1%           100%        4
 Summon Lightning Spire   Summ/Air       1%           100%        4
 Agony                    Necr           1%           100%        5
 Alistair's Intoxication  Tmut/Pois      0%           100%        5
 Blade Hands              Tmut           0%           100%        5
 Bolt of Magma            Conj/Fire/Erth 0%           100%        5
 Borgnjor's Vile Clutch   Necr/Erth      0%           100%        5
 Fireball                 Conj/Fire      0%           100%        5
 Iskenderun's Battlesphe  Conj           1%           100%        5
 Lee's Rapid Deconstruct  Erth           0%           100%        5
 Metabolic Englaciation   Hex/Ice        5%           100%        5
 Silence                  Hex/Air        5%           100%        5
 Summon Forest            Summ/Tloc      0%           100%        5
 Conjure Ball Lightning   Conj/Air       0%           100%        6
 Death Channel            Necr           0%           100%        6
 Eringya's Noxious Bog    Tmut/Pois      0%           100%        6
 Freezing Cloud           Conj/Ice/Air   0%           100%        6
 Hydra Form               Tmut           0%           100%        6
 Invisibility             Hex            18%          100%        6
 Iron Shot                Conj/Erth      0%           100%        6
 Ozocubu's Refrigeration  Ice            0%           100%        6
 Simulacrum               Ice/Necr       0%           100%        6
 Orb of Destruction       Conj           0%           100%        7
 Spellforged Servitor     Conj/Summ      0%           100%        7
 Summon Hydra             Summ           0%           100%        7
 Tornado                  Air            0%           100%        9


Dungeon Overview and Level Annotations

Branches:
Dungeon (15/15)            Temple (1/1) D:5            Lair (6/6) D:9
  Swamp (4/4) Lair:4       Spider (4/4) Lair:4        Slime (0/5) Lair:6
    Orc (2/2) D:11            Elf (0/3) Orc:2        Vaults (0/5) D:13
 Depths (0/5) D:15          IceCv (visited)         Gauntlet (visited)

Altars:
Ashenzari
Cheibriados
Dithmenos
Elyvilon
Fedhas
Gozag
Hepliaklqana
Kikubaaqudgha
Makhleb
Nemelex Xobeh
Okawaru
Qazlal
Ru
Sif Muna
Trog
Uskayaw
Vehumet
Wu Jian
Xom
Yredelemnul
Zin
The Shining One
Beogh

Shops:
D:6 *   D:12 :   D:15 (   Orc:2 =[((

Annotations:
D:4 3 runed translucent doors, ig87's ghost, amateur GnFi


Innate Abilities, Weirdness & Mutations

You have razor-sharp teeth.
You heal very quickly.
When hurt, damage is shared between your health and your magic reserves.
Your bite disrupts and absorbs the magic of your enemies.
Potions cannot restore your health.


Message History

You are too injured to fight recklessly!
You are too injured to fight recklessly!
You are too injured to fight recklessly!
You are too injured to fight recklessly!
You are too injured to fight recklessly!
You are too injured to fight recklessly!
You are too injured to fight recklessly!
You are too injured to fight recklessly!
You are too injured to fight recklessly!
You are too injured to fight recklessly!
You are too injured to fight recklessly!
Really read
C - 2 scrolls of fog {!r}?
As you read the scroll of fog {!r}, it crumbles to dust.
The scroll dissolves into smoke.
You feel sick.
You feel you are being watched by something.
You feel your power leaking away.
Something hits you but does no damage. x2; You block something's attack.
You block the demonic crawler's attack. x2
The demonic crawler hits you but does no damage.
You feel you are being watched by something.
Something hits you but does no damage. x2
Something stings you but does no damage.
You feel sick. The meliai closely misses you. You block the meliai's attack.
The redback bites you but does no damage.
You feel you are being watched by something.
Something hits you but does no damage. You block something's attack. x2
You hit the meliai. You freeze the meliai. You bite the meliai.
You drain its power.
You feel invigorated.
The meliai is lightly wounded.
The meliai calls down the wrath of its god upon you.
Something smites you!
* * * LOW HITPOINT WARNING * * *
You block the jumping spider's attack. x2
You hear an angry hiss. x2
Evoke which item? (* to show all) (? for menu, Esc to quit)
The tremorstone explodes into fragments!
The burst of rock shards engulfs the meliai!
The burst of rock shards engulfs the demonic crawler.
The burst of rock shards engulfs the orb spider!!
The burst of rock shards engulfs the orb spider!
You feel sick.
You hear an angry hiss. x2; You hear an angry buzzing noise.
You hear a hideous shriek!
You hear an angry hiss.
You hear a hideous shriek!
You hear an angry hiss. x5
The meliai mumbles some strange prayers to its god against you.
Something smites you!
* * * LOW HITPOINT WARNING * * *
You block the redback's attack. The demonic crawler hits you.
* * * LOW HITPOINT WARNING * * *
The demonic crawler hits you but does no damage.
You block the demonic crawler's attack. The meliai hits you but does no damage.
The meliai closely misses you.
You feel you are being watched by something.
You feel your power leaking away. Something hits you but does no damage.
You block something's attack.
Something stings you but does no damage.
The jumping spider pounces on you but does no damage.
The jumping spider bites you but does no damage.
The meliai hits you but does no damage.
The meliai stings you but does no damage.
You block the redback's attack.
The demonic crawler hits you but does no damage. x3
Okay, then.
Evoke which item? (* to show all) (? for menu, Esc to quit)
The tremorstone explodes into fragments!
The burst of rock shards engulfs the orb spider!!
You kill the orb spider!
The burst of rock shards engulfs the meliai!!
You kill the meliai!
The burst of rock shards engulfs the demonic crawler.
The burst of rock shards engulfs something!
The burst of rock shards engulfs you but does no damage.
The burst of rock shards engulfs the redback!!
The burst of rock shards engulfs the meliai!
The tin is emptied!
You feel sick.
You hear an angry hiss. x2; You hear a roar!
You hear an angry hiss.
You block the meliai's attack. The meliai barely misses you.
You block the jumping spider's attack. x2
You feel you are being watched by something.
You feel your power leaking away. Something hits you.
* * * LOW HITPOINT WARNING * * *
You feel dopey. Something hits you but does no damage.
Something stings you but does no damage.
The redback bites you.
* * * LOW HITPOINT WARNING * * *
You are lethally poisoned!
The redback poisons you!
A tarantella comes into view.
The meliai hits you with a +0 war axe.
* * * LOW HITPOINT WARNING * * *
You block the meliai's attack.
The demonic crawler hits you but does no damage.
The demonic crawler barely misses you.
The demonic crawler hits you but does no damage.
The jumping spider closely misses you.
The jumping spider bites you but does no damage.
Something hits you!
You die...

...............
..............s.
.................
.................
.....y.^.........
.#...............
†...°s.s§§§.......
.....°°§y§s§.^....^
......§§{@s§.....^..
##...§§)§§s§.^.......
#.....††§§§......^...
.^......†............
.....(...†.†.<.......
.....#....†..........
^...##......†........
...##.......†........
...#.........<.......


You could see a demonic crawler, an orb spider, a jumping spider, a tarantella,
a redback and a meliai.

Vanquished Creatures
  the Lernaean hydra (Swamp:4)
  Asterion (Spider:2)
  Frances (D:14)
  A frost giant (IceCv)
  An orc warlord (Orc:2)
  A ghost moth (Spider:3)
  5 emperor scorpions
  A minotaur (Gauntlet)
  2 entropy weavers
  2 bunyips
  A dire elephant (Lair:6)
  3 eleionomae (Swamp:3)
  Josephine (D:15)
  A fire dragon (D:15)
  A shambling mangrove (Swamp:2)
  A vault guard (D:13)
  An ice dragon (D:15)
  28 hydras
  A boulder beetle (D:12)
  2 ghost crabs
  Harold (Orc:1)
  A catoblepas (Lair:6)
  5 alligators
  9 two-headed ogres
  13 death yaks
  7 centaur warriors
  2 ogre magi
  2 tengu warriors (D:14)
  Urug (Lair:1)
  4 orc high priests (Orc:2)
  A fire crab (Gauntlet)
  4 sixfirhies (Gauntlet)
  3 unseen horrors
  4 goliath frogs
  3 spriggan druids
  14 swamp dragons
  4 bog bodies
  2 lindwurms (Lair:6)
  2 ugly things
  16 orb spiders
  5 orc knights
  A deep elf mage (D:13)
  5 orc sorcerers
  3 moths of wrath
  19 wolf spiders
  9 elephants
  4 will-o-the-wisps
  3 manticores
  3 cyclopes
  4 black mambas
  An ice statue (IceCv)
  4 torpor snails
  2 gargoyles (D:11)
  12 cane toads
  8 komodo dragons
  A yaktaur (D:12)
  A rime drake (shapeshifter) (D:14)
  14 demonic crawlers
  3 kobold demonologists
  4 rime drakes
  2 ice devils (Lair:4)
  34 jumping spiders
  An efreet (D:15)
  10 trolls
  A bloated husk (Swamp:2)
  A meliai (shapeshifter) (D:14)
  5 tyrant leeches
  18 polar bears
  2 meliai (Spider:4)
  A queen bee (Spider:4)
  2 dream sheep (Lair:6)
  8 hornets
  24 blink frogs
  A slime creature (D:14)
  2 spriggans (Swamp:4)
  15 tarantellas
  79 yaks
  5 shadows
  7 wyverns
  38 redbacks
  6 wraiths
  7 basilisks
  2 fire bats (Gauntlet)
  A steam dragon (Lair:3)
  16 vampire mosquitoes
  Menkaure (D:5)
  23 swamp worms
  8 wargs
  Edmund (D:6)
  A soldier ant (D:13)
  10 water moccasins
  9 swamp drakes
  45 orc warriors
  4 ice beasts
  3 black bears
  4 sky beasts
  5 necrophages (D:8)
  An eye of draining (D:8)
  26 ogres
  2 phantoms
  14 centaurs
  42 wolves
  4 big kobolds
  Blork the orc (D:6)
  19 bullfrogs
  2 wyvern zombies
  2 gnoll sergeants (D:6)
  A water moccasin zombie (D:7)
  A wyvern skeleton (D:11)
  5 scorpions
  26 killer bees
  2 vampire bats (D:3)
  15 wights
  3 howler monkeys
  3 electric eels
  A crimson imp (D:8)
  A bullfrog zombie (D:5)
  2 quasits
  5 centaur zombies
  14 hounds
  A gnoll shaman (D:6)
  4 jellies
  Crazy Yiuf (D:2)
  3 centaur skeletons
  38 orc priests
  20 orc wizards
  A bullfrog skeleton (D:6)
  Ijyb (D:3)
  4 iguanas
  6 hell rats (Lair:4)
  17 worker ants
  Terence (D:3)
  2 hound zombies
  A howler monkey zombie (D:7)
  7 worker ant zombies
  12 adders
  14 gnolls (D:6)
  A howler monkey skeleton (D:8)
  2 shadow imps
  5 white imps
  4 ufetubi
  2 oozes
  An adder skeleton (D:5)
  An adder zombie (D:9)
  A worm (shapeshifter) (D:14)
  2 worms
  A dart slug (D:2)
  A leopard gecko (D:3)
  115 orcs
  4 bat skeletons (D:3)
  2 bat zombies (D:3)
  5 giant cockroaches
  3 goblins
  3 hobgoblins
  16 jackals
  4 quokkas
  5 bats
  2 frilled lizards
  A giant cockroach zombie (D:5)
  A goblin skeleton (D:8)
  2 goblin zombies (D:8)
  A hobgoblin zombie (D:8)
  A jackal skeleton (D:6)
  15 kobolds
  3 kobold skeletons (D:8)
  A kobold zombie (D:8)
  An orc zombie (D:8)
  A quokka skeleton (D:8)
  2 quokka zombies (D:5)
  7 rats
1203 creatures vanquished.

Vanquished Creatures (others)
  2 bloated husks
  A killer bee (Spider:4)
  A bush (D:8)
  28 foxfires
  13 fungi
  58 plants
  4 withered plants (D:5)
107 creatures vanquished.

Grand Total: 1310 creatures vanquished

Notes
Turn   | Place    | Note
-------+----------+-------------------------------------------
     0 | D:1      | EnegeticOcto the Vine Stalker Arcane Marksman began the
                  | quest for the Orb.
     0 | D:1      | Reached XP level 1. HP: 9/9 MP: 3/3
    24 | D:1      | Reached skill level 1 in Fighting
   285 | D:1      | Reached XP level 2. HP: 10/15 MP: 4/4
   487 | D:1      | Reached skill level 2 in Fighting
   993 | D:2      | Reached XP level 3. HP: 19/19 MP: 5/5
  1453 | D:2      | Found a runed translucent door.
  1454 | D:2      | Noticed Crazy Yiuf
  1508 | D:2      | Reached skill level 3 in Fighting
  1901 | D:2      | Killed Crazy Yiuf
  1902 | D:2      | Gained mutation: Your natural rate of healing is unusually
                  | fast. [Vine Stalker growth]
  1902 | D:2      | Reached XP level 4. HP: 20/24 MP: 6/6
  1978 | D:3      | Noticed Terence
  1983 | D:3      | Killed Terence
  1984 | D:3      | Reached skill level 4 in Fighting
  2046 | D:3      | Noticed Ijyb
  2064 | D:3      | Killed Ijyb
  2065 | D:3      | Reached XP level 5. HP: 30/30 MP: 7/7
  2434 | D:3      | Found a glowing silver altar of Zin.
  2484 | D:3      | Found an ancient bone altar of Kikubaaqudgha.
  2499 | D:3      | Reached skill level 5 in Fighting
  2500 | D:3      | Reached XP level 6. HP: 35/35 MP: 8/8
  2656 | D:4      | Found a broken altar of Ashenzari.
  2699 | D:4      | Reached skill level 6 in Fighting
  2719 | D:4      | Found a runed translucent gate.
  2719 | D:4      | Found a runed translucent gate.
  2720 | D:4      | Found a runed translucent gate.
  2844 | D:4      | Reached XP level 7. HP: 41/41 MP: 9/9
  2914 | D:4      | Found a broken altar of Ashenzari.
  3145 | D:4      | Reached skill level 1 in Short Blades
  3192 | D:4      | Reached skill level 7 in Fighting
  3341 | D:4      | Reached skill level 2 in Short Blades
  3440 | D:4      | Gained mutation: You have razor-sharp teeth. [Vine Stalker
                  | growth]
  3440 | D:4      | Reached XP level 8. HP: 36/46 MP: 8/10
  3685 | D:4      | Noticed ig87's ghost (amateur GnFi)
  4095 | D:5      | Entered Level 5 of the Dungeon
  4116 | D:5      | Found a staircase to the Ecumenical Temple.
  4128 | Temple   | Entered the Ecumenical Temple
  4331 | Temple   | Became a worshipper of Uskayaw the Reveller
  4363 | D:5      | Reached * piety under Uskayaw
  4370 | D:5      | Reached ** piety under Uskayaw
  4383 | D:5      | Reached skill level 3 in Short Blades
  4402 | D:5      | Reached skill level 1 in Invocations
  4414 | D:5      | Reached *** piety under Uskayaw
  4580 | D:5      | Reached skill level 4 in Short Blades
  4580 | D:5      | Reached skill level 2 in Invocations
  4586 | D:5      | Found a sparkling altar of Nemelex Xobeh.
  4983 | D:5      | Reached skill level 5 in Short Blades
  4995 | D:5      | Reached skill level 3 in Invocations
  5195 | D:6      | Noticed Menkaure
  5195 | D:6      | Noticed Blork the orc
  5211 | D:5      | Killed Menkaure
  5272 | D:6      | Killed Blork the orc
  5360 | D:6      | Found Zukkapp's General Store.
  5368 | D:6      | Bought a wand of acid (8) for 264 gold pieces
  5379 | D:6      | Noticed Edmund
  5410 | D:6      | Killed Edmund
  5411 | D:6      | Reached skill level 6 in Short Blades
  5411 | D:6      | Reached XP level 9. HP: 20/42 MP: 7/12
  5507 | D:6      | Found a snail-covered altar of Cheibriados.
  5573 | D:6      | Reached skill level 4 in Invocations
  5634 | D:6      | Reached **** piety under Uskayaw
  5824 | D:6      | Reached skill level 7 in Short Blades
  5922 | D:6      | Reached skill level 5 in Invocations
  6271 | D:6      | HP: 2/50 [poisoned by a killer bee]
  6277 | D:6      | HP: 1/50 [poisoned by a killer bee]
  6422 | D:7      | Reached skill level 1 in Shields
  6574 | D:7      | Reached skill level 8 in Short Blades
  6708 | D:7      | Found a sacrificial altar of Ru.
  6743 | D:7      | Reached skill level 2 in Shields
  6842 | D:7      | Reached XP level 10. HP: 41/55 MP: 13/15
  6879 | D:7      | Reached skill level 6 in Invocations
  7222 | D:8      | Reached skill level 3 in Shields
  7231 | D:8      | Reached skill level 9 in Short Blades
  7374 | D:8      | Noticed a two-headed ogre
  7375 | D:8      | Reached ***** piety under Uskayaw
  7379 | D:8      | Killed a two-headed ogre
  7380 | D:8      | Reached skill level 4 in Shields
  7383 | D:8      | Reached ****** piety under Uskayaw
  7481 | D:8      | Found a blossoming altar of Fedhas.
  7516 | D:8      | Found a glowing golden altar of the Shining One.
  7586 | D:8      | Reached skill level 10 in Short Blades
  7749 | D:8      | Found a shimmering altar of Xom.
  8042 | D:8      | Reached skill level 2 in Dodging
  8042 | D:8      | Reached skill level 1 in Evocations
  8050 | D:8      | Reached skill level 1 in Armour
  8481 | D:9      | Found a glowing silver altar of Zin.
  8501 | D:9      | Reached XP level 11. HP: 37/59 MP: 9/16
  8521 | D:9      | Reached skill level 2 in Evocations
  8527 | D:9      | Reached skill level 2 in Armour
  8862 | D:9      | Reached skill level 3 in Dodging
  8875 | D:9      | Reached skill level 8 in Fighting
  8920 | D:9      | Found a staircase to the Lair.
  9214 | D:10     | Entered Level 10 of the Dungeon
  9243 | D:10     | Reached skill level 7 in Invocations
  9278 | D:10     | Reached skill level 3 in Evocations
  9351 | D:10     | Reached skill level 3 in Armour
  9502 | D:10     | Noticed a green ugly thing
  9522 | D:10     | Killed a green ugly thing
  9614 | D:10     | Found a shimmering altar of Xom.
  9616 | D:10     | Found a shimmering altar of Xom.
 10043 | Lair:1   | Entered Level 1 of the Lair of Beasts
 10074 | Lair:1   | Reached skill level 4 in Dodging
 10298 | Lair:1   | Noticed a six-headed hydra
 10299 | Lair:1   | Noticed a five-headed hydra
 10305 | Lair:1   | Killed a six-headed hydra
 10306 | Lair:1   | Reached skill level 4 in Evocations
 10310 | Lair:1   | Killed a five-headed hydra
 10311 | Lair:1   | Gained mutation: You heal very quickly. [Vine Stalker
                  | growth]
 10311 | Lair:1   | Reached XP level 12. HP: 46/65 MP: 7/18
 10319 | Lair:1   | Reached skill level 4 in Armour
 10553 | Lair:1   | Reached skill level 8 in Invocations
 10613 | Lair:1   | Reached skill level 9 in Fighting
 10654 | Lair:1   | Noticed Urug
 10684 | Lair:1   | Killed Urug
 10918 | Lair:2   | Reached skill level 5 in Dodging
 10918 | Lair:2   | Reached skill level 5 in Evocations
 10973 | Lair:2   | Noticed a four-headed hydra
 10986 | Lair:2   | Killed a four-headed hydra
 11071 | Lair:2   | Reached skill level 5 in Armour
 11161 | Lair:2   | Got a buzzing war axe
 11161 | Lair:2   | Identified the +5 war axe of Annihilation {drain, Str+2
                  | Int+9} (You found it on level 2 of the Lair of Beasts)
 11471 | Lair:2   | Noticed a six-headed hydra
 11479 | Lair:2   | Killed a six-headed hydra
 11480 | Lair:2   | Reached skill level 9 in Invocations
 11697 | Lair:2   | Identified a scroll of acquirement
 11697 | Lair:2   | Acquired a +3 quick blade
 11759 | Lair:3   | Reached skill level 6 in Dodging
 11782 | Lair:3   | Reached XP level 13. HP: 72/72 MP: 20/20
 12039 | Lair:3   | Reached skill level 10 in Fighting
 12039 | Lair:3   | Reached skill level 6 in Armour
 12293 | Lair:3   | Got a scintillating tin ring
 12464 | Lair:3   | Identified the ring "Iriv Rixt" {rPois rF+++ rN+ Str-4
                  | Stlth+} (You found it on level 3 of the Lair of Beasts)
 12509 | Lair:4   | Found a frozen archway.
 12530 | IceCv    | Entered an ice cave
 12648 | IceCv    | Reached skill level 10 in Invocations
 12873 | IceCv    | Reached skill level 7 in Armour
 13040 | IceCv    | Noticed a frost giant
 13053 | IceCv    | Killed a frost giant
 13070 | IceCv    | Got a warped jade ring
 13076 | IceCv    | Got a pitted rapier
 13076 | IceCv    | Identified the +6 rapier "Buhopses" {flame, +Fly rElec
                  | rPois Str-2} (You found it in an ice cave)
 13094 | Lair:4   | Identified the ring of Zucosm {+Blink +Fly rF- Will+} (You
                  | found it in an ice cave)
 13126 | Lair:4   | Reached skill level 11 in Fighting
 13175 | Lair:4   | Found a hole to the Spider Nest.
 13443 | Lair:4   | Reached skill level 11 in Invocations
 13624 | Lair:4   | Reached XP level 14. HP: 65/79 MP: 23/23
 13664 | Lair:4   | Found a staircase to the Swamp.
 13718 | Lair:4   | Reached skill level 8 in Armour
 14986 | Lair:6   | Entered Level 6 of the Lair of Beasts
 15124 | Lair:6   | Found a staircase to the Slime Pits.
 15447 | Lair:6   | Reached skill level 12 in Fighting
 15447 | Lair:6   | Reached skill level 9 in Armour
 15447 | Lair:6   | Reached skill level 12 in Invocations
 15905 | Lair:6   | Noticed a dire elephant
 15936 | Lair:6   | Killed a dire elephant
 15937 | Lair:6   | Reached skill level 10 in Armour
 16135 | Lair:6   | Reached XP level 15. HP: 83/84 MP: 25/25
 16152 | Lair:6   | Found the +8 orange crystal plate armour {Archmagi, Int+3
                  | Clar}
 16739 | D:11     | Reached skill level 7 in Dodging
 16822 | D:11     | Found a staircase to the Orcish Mines.
 16844 | D:11     | Found a roughly hewn altar of Beogh.
 17368 | Orc:1    | Entered Level 1 of the Orcish Mines
 17368 | Orc:1    | Noticed Maurice
 17369 | Orc:1    | Noticed Maurice
 17369 | Orc:1    | Maurice changed into Maurice the wyvern
 17378 | Orc:1    | Killed Maurice the wyvern
 17459 | Orc:2    | Entered Level 2 of the Orcish Mines
 17912 | Orc:1    | Noticed Harold
 17941 | Orc:1    | Killed Harold
 18054 | Orc:1    | Reached skill level 13 in Invocations
 18337 | Orc:2    | Found a roughly hewn altar of Beogh.
 18434 | Orc:2    | Found Yssiq's Weapon Boutique.
 18463 | Orc:2    | Found Sohur's Weapon Shop.
 18479 | Orc:2    | Reached skill level 8 in Dodging
 19009 | Orc:2    | Got a translucent cloak
 19019 | Orc:2    | Identified the +0 cloak of the Black Moon {*Drain rElec
                  | rPois Will++} (You found it on level 2 of the Orcish Mines)
 19101 | Orc:2    | Found a staircase to the Elven Halls.
 19259 | Orc:2    | Found Zofitom's Jewellery Emporium.
 19340 | Orc:2    | Found Qeamocli's Armour Shoppe.
 19495 | Orc:2    | Found a roughly hewn altar of Beogh.
 19496 | Orc:2    | Noticed an orc warlord
 19497 | Orc:2    | Killed an orc warlord
 20029 | D:12     | Identified the +1 ring mail of Purpose {+Fly rElec Will-
                  | Regen+}
 20081 | D:12     | Reached skill level 9 in Dodging
 20574 | D:12     | Found Boaloi Utia's Book Boutique.
 20634 | D:12     | Reached skill level 14 in Invocations
 20900 | D:13     | Found a sparkling altar of Nemelex Xobeh.
 21140 | D:13     | Found a gate to the Vaults.
 21277 | D:13     | Reached XP level 16. HP: 79/88 MP: 27/27
 21769 | D:14     | Found a flickering gateway to a bazaar.
 21803 | Bazaar   | Entered a bazaar
 21803 | Bazaar   | Found Zatypn's Antique Weapon Boutique.
 21803 | Bazaar   | Found Ussac's Weapon Shop.
 21803 | Bazaar   | Found Vyafoep's Armour Shop.
 21838 | D:14     | Found a shimmering blue altar of Sif Muna.
 21909 | D:14     | You fall into a shaft and drop 1 floor!
 21909 | D:15     | Entered Level 15 of the Dungeon
 21948 | D:15     | Reached skill level 10 in Dodging
 21989 | D:15     | Reached skill level 15 in Invocations
 21993 | D:15     | Reached skill level 1 in Stealth
 22058 | D:15     | Reached skill level 2 in Stealth
 22095 | D:15     | Found a gate leading to a gauntlet.
 22103 | D:15     | Found Aroutoin's Weapon Boutique.
 22138 | Gauntlet | Entered a Gauntlet
 22138 | Gauntlet | Found a transporter.
 22138 | Gauntlet | Found a transporter.
 22138 | Gauntlet | Found a transporter.
 22139 | Gauntlet | Found a transporter.
 22142 | Gauntlet | Found a transporter.
 22156 | Gauntlet | Found a transporter.
 22158 | Gauntlet | Found a transporter.
 22171 | Gauntlet | Found a transporter.
 22172 | Gauntlet | Found a transporter.
 22190 | Gauntlet | Found a transporter.
 22194 | Gauntlet | Found a transporter.
 22204 | Gauntlet | Found a transporter.
 22364 | Gauntlet | Reached skill level 3 in Stealth
 22399 | Gauntlet | Got a clouded amethyst amulet
 22454 | Gauntlet | Identified the +1 fustibalus "Qytuutidgh" {flame, Will+
                  | Str+2}
 22492 | Gauntlet | Got a flickering crystal amulet
 22527 | D:15     | Identified the amulet "Zeupn" {Faith +Blink rPois rN+} (You
                  | found it in a Gauntlet)
 22537 | D:15     | Identified the amulet of Enkem {Faith rF++ Int+3} (You
                  | found it in a Gauntlet)
 22655 | D:15     | Noticed Josephine
 22680 | D:15     | Killed Josephine
 22681 | D:15     | Reached skill level 4 in Stealth
 22841 | D:15     | Found a staircase to the Depths.
 23251 | D:14     | Noticed Frances
 23264 | D:14     | Killed Frances
 23265 | D:14     | Reached skill level 5 in Stealth
 23877 | Swamp:1  | Entered Level 1 of the Swamp
 24122 | Swamp:1  | Reached skill level 6 in Stealth
 24529 | Swamp:2  | Reached XP level 17. HP: 75/94 MP: 21/29
 24531 | Swamp:2  | Reached skill level 7 in Stealth
 24641 | Swamp:2  | Reached skill level 11 in Armour
 24824 | Swamp:2  | Reached skill level 13 in Fighting
 25279 | Swamp:3  | Reached skill level 8 in Stealth
 25670 | Swamp:3  | Reached skill level 5 in Shields
 25835 | Swamp:4  | Entered Level 4 of the Swamp
 25862 | Swamp:4  | Got a warped copper ring
 25866 | Swamp:4  | Identified the ring of the Ageing Hero {rPois rC+ Int+5}
                  | (You found it on level 4 of the Swamp)
 26156 | Swamp:4  | Reached skill level 9 in Stealth
 26170 | Swamp:4  | Noticed the 27-headed Lernaean hydra
 26171 | Swamp:4  | Killed the 27-headed Lernaean hydra
 26172 | Swamp:4  | Reached skill level 6 in Shields
 26188 | Swamp:4  | Reached skill level 7 in Shields
 26205 | Swamp:4  | Got a decaying rune of Zot
 26349 | Swamp:4  | Identified the +7 chain mail of Gravity {Int+5 Dex+2} (You
                  | found it on level 4 of the Swamp)
 26485 | Swamp:4  | Reached skill level 10 in Stealth
 26740 | Spider:1 | Entered Level 1 of the Spider Nest
 26940 | Spider:1 | Reached skill level 8 in Shields
 27069 | Spider:1 | Identified the +1 chain mail of Woric {Int+5} (You found it
                  | on level 1 of the Spider Nest)
 27140 | Spider:1 | Reached XP level 18. HP: 98/100 MP: 28/30
 27168 | Spider:1 | Reached skill level 12 in Armour
 27458 | Spider:1 | Identified Sufeacs's Incunabulum of Intoxication and
                  | Attacks
 27463 | Spider:1 | Acquired the ring "Okuifaed" {rF+ rN+ MP+9 Stlth-}
 27613 | Spider:2 | Reached skill level 9 in Shields
 27731 | Spider:2 | You fall into a shaft and drop 1 floor!
 28068 | Spider:3 | Reached skill level 10 in Shields
 29358 | Spider:2 | Noticed Asterion
 29380 | Spider:2 | Killed Asterion
 29419 | Spider:2 | Reached skill level 11 in Shields
 29568 | Spider:4 | Entered Level 4 of the Spider Nest
 29660 | Spider:4 | Slain by a ghost moth

Illustrated notes

Levels and vault maps discovered:
D:1:      minmay_arrival_glassed_features, layout_loops_cross,
          hangedman_feature_mirror
D:2:      layout_basic, uniq_crazy_yiuf_cottage
D:3:      layout_rooms, zin_statuary, kennysheep_vampire_church, uniq_terence,
          uniq_ijyb
D:4:      layout_layer_cave, cheibrodos_ashenzari_chains,
          gammafunk_ghost_necromancy, st_stairs_5, kennysheep_flooded_box,
          grunt_decor_arrowhead, serial_bayou_ford_a, kennysheep_diamond
D:5:      layout_loops_ring, nemelex_xobeh_ov_fountains_minmay,
          minmay_temple_entry_glassed_door, serial_undead, serial_undead_b,
          serial_undead_e, serial_undead_a, serial_undead_c
D:6:      layout_cave_pools, cheibrodos_worm_habitat, serial_gnoll_camp,
          gnoll_camp_mini_shop, gnoll_camp_huts_basic, gnoll_camp_mini_doghouse,
          gnoll_camp_mini_loothouse, uniq_menkaure, uniq_edmund,
          uniq_blork_the_orc
D:7:      layout_basic, nicolae_ru_the_path_less_chosen
D:8:      layout_cave_pools, fedhas_altar_decomposition, general_overflow_altar,
          nicolae_tso_besieged_by_evil, minmay_misc_feat_secret_circle,
          corner_web_ring, kennysheep_generic_room_4
D:9:      layout_long_grid, erik_lair_dragon, basic_altar, kennysheep_boxes
D:10:     layout_basic, minmay_misc_feat_chi, xom_redecorated
D:11:     layout_cave_pools, minmay_orc_entry_temple_small, skrybe_limestone_x,
          minmay_strange_pillars
D:12:     layout_roguey, serial_shops, shop_statue, kb_rosetta
D:13:     layout_gridville, david_vaults_5, basic_altar
D:14:     layout_gridville, serial_shops, bzr_entry_islet,
          minmay_curled_crystal, roderic_roman_lattice, nrook_loot_triangle,
          minmay_ruined_shrine, uniq_frances
D:15:     grunt_enter_depths_hoard, layout_cave_pools, gauntlet_entry_generic,
          serial_shops, nicolae_shop_temple_entry_statues_fountains,
          uniq_josephine
Temple:   dpeg_chambers_temple
Lair:1:   layout_chaotic_city, serial_bayou_lagoon_b, uniq_urug
Lair:2:   layout_misc_corridors, nicolae_quartered_pool_super, st_stairs_5
Lair:3:   layout_roguey
Lair:4:   layout_small_grid, swamp_mist_pool, spider_nest_entry_webs,
          portal_ice_cave_demonic_guard, st_stairs_6,
          chequers_serial_rivers_micro_d, chequers_serial_rivers_micro_c,
          beast_lair_carwin_11, serial_bayou_shore_a
Lair:5:   layout_regular_city
Lair:6:   hangedman_lair_in_review, layout_cave_pods, slime_dummy
Swamp:1:  layout_basic_swamp, hangedman_swamp_ruin_hall, swamp_pool1
Swamp:2:  layout_basic_swamp, evilmike_swamp_ruin_house_3, swamp_pool2,
          st_swamp_ruins_3
Swamp:3:  layout_basic_swamp, nicolae_swamp_trees_clearing
Swamp:4:  swamp, layout_basic_swamp
Spider:1: layout_spider_delve, worms_lemuel
Spider:2: layout_spider_delve, uniq_asterion
Spider:3: layout_chambers
Spider:4: grunt_spider_rune_parallel, special_room [special_room_bee],
          gammafunk_ghost_necromancy, drop_trap, nicolae_orb_island, uniq_kirke,
          uniq_bai_suzhen, uniq_aizul
Orc:1:    layout_diamond_mine, nooodl_orcs_dogs, uniq_harold, uniq_maurice
Orc:2:    pubby_orc_utopia

Skill      XL: |  1  2  3  4  5  6  7  8  9 10 11 12 13 14 15 16 17 18 |
---------------+-------------------------------------------------------+-----
Fighting       | 1 2 3 4 5 6 7 8 9 11 12 13 | 13.0
Short Blades   | 2 6 8 10 | 10.0
Invocations    | 3 5 6 7 9 11 12 14 15 | 15.0
Shields        | 2 4 8 11 | 11.2
Dodging        | 2 4 6 9 10 | 10.0
Evocations     | 1 4 5 |  5.0
Armour         | 1 3 5 7 10 11 12 | 12.8
Stealth        | 6 10 | 10.0
Crossbows      | |  1.7
Spellcasting   | |  1.1
Hexes          | |  3.0

Action                   |  1- 3 |  4- 6 |  7- 9 | 10-12 | 13-15 | 16-18 || total
-------------------------+-------+-------+-------+-------+-------+-------++-------
Melee: Quarterstaff      |       |    93 |     7 |       |       |       ||   100
       Bite              |       |    21 |   146 |   303 |   763 |   569 ||  1802
       Dagger            |       |       |   483 |   852 |       |       ||  1335
       Quick blade       |       |       |       |    27 |  2245 |  1808 ||  4080
 Fire: Hand crossbow     |    56 |     6 |     1 |       |       |       ||    63
Throw: Dart              |       |       |     2 |       |       |       ||     2
Invok: Stomp             |       |       |     6 |     9 |    20 |    10 ||    45
       Grand Finale      |       |       |       |       |     1 |     1 ||     2
Evoke: Wand              |       |       |     3 |     8 |     1 |     6 ||    18
       Tin of tremorston |       |       |       |       |       |     5 ||     5
  Use: Scroll            |       |     1 |    10 |    18 |     9 |    27 ||    65
       Potion            |       |       |     2 |       |       |       ||     2
 Stab: Paralysed         |       |     3 |    13 |    55 |   170 |   118 ||   359
       Distracted        |       |     1 |       |       |       |     1 ||     2
       Petrified         |       |       |       |       |     3 |       ||     3
Armor: Chain mail        |    30 |   105 |   265 |   226 |       |       ||   626
       Skin              |       |     6 |       |       |       |       ||     6
       Fire dragon scale |       |       |       |    80 |   175 |       ||   255
       Crystal plate arm |       |       |       |       |   370 |  1207 ||  1577
Dodge: Dodged            |    10 |    34 |   131 |   229 |   285 |   197 ||   886
Block: Buckler           |     1 |       |    50 |   189 |   313 |   162 ||   715
       Tower shield      |       |       |       |       |       |   949 ||   949
